 Dungeon Crawl Stone Soup version 0.25.0-46-gbd7b0854d2 (webtiles) character file.

Game seed: 8630340367687066007

40 wer000g the Sneak (level 3, -5/30 HPs)
             Began as a Naga Wizard on July 15, 2020.
             Slain by a worm (11 damage)
             ... on level 1 of the Dungeon.
             The game lasted 00:20:34 (2246 turns).

wer000g the Sneak (Naga Wizard)                     Turns: 2246, Time: 00:20:34

Health: -5/30      AC:  2    Str: 10    XL:     3   Next: 50%
Magic:  0/8        EV: 10    Int: 18    God:
Gold:   28         SH:  0    Dex:  9    Spells: 3/9 levels left

rFire    . . .     SeeInvis +   i - +1 dagger (speed)
rCold    . . .     Gourm    .   (no shield)
rNeg     . . .     Faith    .   a - +0 robe
rPois    +         Spirit   +   b - +0 hat
rElec    .         Reflect  .   (no cloak)
rCorr    .         Harm     .   (no gloves)
MR       .....                  (no barding)
Stlth    ++........             y - amulet of guardian spirit
HPRegen  0.10/turn              (no ring)
MPRegen  0.11/turn              (no ring)

@: very slightly contaminated, very slow
A: large, see invisible, deformed body, poison resistance, slowness 2, slow
metabolism 1, spit poison 1, AC +1
a: Spit Poison


You were on level 1 of the Dungeon.
You were not hungry.

You visited 1 branch of the dungeon, and saw 2 of its levels.

You collected 28 gold pieces.

Inventory:

Hand Weapons
 i - a +1 dagger of speed (weapon)
Armour
 a - a +0 robe (worn)
 b - a +0 hat (worn)
Jewellery
 y - an amulet of guardian spirit (around neck)
Scrolls
 e - a scroll of amnesia {unknown}
 g - 3 scrolls of remove curse {unknown}
 h - a scroll of identify {unknown}
Potions
 c - a potion of degeneration {unknown}
 j - a potion of flight {unknown}
Comestibles
 d - 3 rations
 f - 3 chunks of flesh


   Skills:
 + Level 0.5 Fighting
 - Level 0.3 Short Blades
 + Level 1.7 Dodging
 + Level 3.8 Stealth
 * Level 3.6 Spellcasting
 * Level 1.3 Conjurations
   Level 1.0 Summonings
 - Level 1.0 Translocations
 * Level 0.0 Fire Magic


You had 3 spell levels left.
You knew the following spells:

 Your Spells              Type           Power        Failure   Level  Hunger
a - Magic Dart            Conj           #...         9%          1    None
b - Conjure Flame         Conj/Fire      #.......     34%         3    ###....
c - Blink                 Tloc           N/A          16%         2    ##.....

Your spell library contained the following spells:

 Spells                   Type           Power        Failure   Level  Hunger
 Call Imp                 Summ           #.......     16%         2    ##.....
 Slow                     Hex            #.......     24%         2    ##.....
 Mephitic Cloud           Conj/Pois/Air  #.......     36%         3    ###....


Dungeon Overview and Level Annotations

Branches:
Dungeon (2/15)

Altars:


Innate Abilities, Weirdness & Mutations

You cannot wear boots.
Your serpentine skin is tough. (AC +1)
You have supernaturally acute eyesight. (SInv)
Armour fits poorly on your strangely shaped body.
Your system is resistant to poisons. (rPois)
You cover ground very slowly.
You have a slow metabolism.
You can spit poison.


Message History

The worm bites you!
You hit the worm but do no damage.
The worm is lightly wounded.
You hit the worm.
The worm is moderately wounded.
The worm bites you!
You hit the worm.
The worm is moderately wounded.
You hit the worm.
The worm is heavily wounded.
You hit the worm but do no damage.
The worm is heavily wounded.
The worm bites you.
* * * LOW HITPOINT WARNING * * *
You hit the worm but do no damage.
The worm is heavily wounded.
You hit the worm.
The worm is severely wounded.
The worm bites you!
You die...

#.####.#####''#####..
#........##...#).##..
#########.#.####.'<.##..
#.........#.# #######..
#.#######.#.# #..
#.......#.#.# #..
#########.#.#.# #.)
#......)w...#.# #..
###.#####@###.#### ### #.#
##.#......# ##### #.#
#..>...##.# #.... #w#
#......##.#####.... #.#
#......#...........
###.####......#...........
#.............#...........
########.....######'######
####### #.#


You could see a worm.

Vanquished Creatures
  An adder (D:1)
  A dart slug (D:2)
  A leopard gecko (D:2)
  4 bats (D:1)
  3 goblins (D:1)
  6 hobgoblins
  3 kobolds (D:1)
  A quokka (D:2)
  2 frilled lizards (D:1)
  4 rats
26 creatures vanquished.

Notes
Turn   | Place    | Note
-------+----------+-------------------------------------------
     0 | D:1      | wer000g the Naga Wizard began the quest for the Orb.
     0 | D:1      | Reached XP level 1. HP: 15/15 MP: 4/4
   462 | D:1      | Reached XP level 2. HP: 19/22 MP: 1/6
  1841 | D:1      | Reached XP level 3. HP: 18/30 MP: 5/8
  2201 | D:1      | Learned a level 3 spell: Conjure Flame
  2204 | D:1      | Learned a level 2 spell: Blink
  2246 | D:1      | Slain by a worm

Illustrated notes

Levels and vault maps discovered:
D:1:      sevenhm_arrival_forest_fort_small_3, layout_basic
D:2:      layout_rooms

Action                   || total
-------------------------++-------
Melee: Unarmed           ||     6
       Dagger            ||    37
 Cast: Magic Dart        ||    52
       Conjure Flame     ||     1
 Abil: Spit Poison       ||     1
 Stab: Sleeping          ||     1
  Eat: Chunk             ||     3
Armor: Robe              ||     8
Dodge: Dodged            ||    18
